 Dungeon Crawl Stone Soup version 0.28.0-43-g3370ac3207 (webtiles) character file.

Game seed: 18118700668344230868

135 issech the Cudgeller (level 4, -1/45 HPs)
             Began as a Troll Monk on Mar 29, 2022.
             Slain by Sigmund
             ... wielding a +0 scythe
              (7 damage)
             ... on level 3 of the Dungeon.
             The game lasted 00:06:27 (1985 turns).

issech the Cudgeller (Troll Monk)                   Turns: 1985, Time: 00:06:27

Health: -1/45      AC:  5    Str: 19    XL:     4   Next: 97%
Magic:  3/3        EV:  7    Int:  6    God:
Gold:   112        SH:  0    Dex: 14    Spells: 3/3 levels left

rFire   . . .      SeeInvis .   o - +0 flail
rCold   . . .      Faith    .   k - +0 tower shield
rNeg    . . .      Spirit   .   b - +0 robe
rPois   .          Reflect  .   (helmet restricted)
rElec   .          Harm     .   i - +0 cloak
rCorr   .          Rampage  .   (gloves unavailable)
Will    .....                   (boots unavailable)
Stlth   +.........              (no amulet)
HPRegen 0.95/turn               (no ring)
MPRegen 0.08/turn               (no ring)

@: confused
A: large, unfitting armour, claws 3, regeneration 1, shaggy fur 1, tough skin 1
a: no special abilities


You were on level 3 of the Dungeon.
You visited 1 branch of the dungeon, and saw 3 of its levels.

You collected 112 gold pieces.

Inventory:

Hand Weapons
 a - a +0 mace
 o - a +0 flail (weapon)
 p - a +0 hunting sling
Missiles
 e - 34 sling bullets
 f - 24 stones (quivered)
Armour
 b - a +0 robe (worn)
 i - a +0 cloak (worn)
 k - a +0 tower shield (worn)
Scrolls
 c - 2 scrolls of enchant armour {unknown}
 g - a scroll of teleportation {unknown}
 j - a scroll of identify {unknown}
 l - a scroll of enchant weapon {unknown}
Potions
 d - a potion of might {unknown}
 h - a potion of cancellation {unknown}
 m - a potion of brilliance {unknown}
 n - a potion of degeneration {unknown}


   Skills:
 + Level 3.0 Fighting
 + Level 4.0 Maces & Flails
 + Level 3.1 Dodging
 + Level 1.1 Stealth
 + Level 0.7 Shields


You had 3 spell levels left.
You didn't know any spells.
Your spell library was empty.

Dungeon Overview and Level Annotations

Branches:
Dungeon (3/15)

Altars:

Shops:
D:1 *

Annotations:
D:3 Sigmund


Innate Abilities, Weirdness & Mutations

You are too large for most types of armour.
You have claws for hands.
Your natural rate of healing is unusually fast.
You are covered in fur. (AC +1)
You have tough skin. (AC +1)


Message History

You hit Sigmund.
Sigmund is lightly wounded.
Sigmund closely misses you.
You closely miss Sigmund.
Sigmund is lightly wounded.
Sigmund barely misses you.
Sigmund says, "Your kind have come here before.
I understand now why.
You desire death..."
Sigmund gestures at you while chanting. The magic dart hits you.
Sigmund points at you and mumbles some strange words.
You are more confused.
Sigmund hits you but does no damage. Sigmund hits you with a +0 scythe.
You hit Sigmund.
Sigmund is moderately wounded.
Sigmund hits you with a +0 scythe!
You bump into the rock wall.
Sigmund hits you but does no damage.
You thump Sigmund!
Sigmund is heavily wounded.
Sigmund points at you and mumbles some strange words.
The puff of flame hits you!
You bump into the rock wall.
Sigmund hits you but does no damage.
You bump into the rock wall.
You feel less confused. Sigmund gestures at you while chanting.
The magic dart hits you.
You hit Sigmund.
Sigmund is severely wounded.
Sigmund hits you with a +0 scythe!
* * * LOW HITPOINT WARNING * * *
You closely miss Sigmund.
Sigmund is severely wounded.
Sigmund hits you with a +0 scythe!
* * * LOW HITPOINT WARNING * * *
You hit Sigmund.
Sigmund is severely wounded.
Sigmund gestures at you while chanting.
You are confused.
Sigmund hits you with a +0 scythe!
You die...

#........<.......# ##
###########........#####.
#........).....).....)..)
#.#########........#####.
#.################## #.
#.......^...... ....
#####.......# ..##.
#...@...# .. ...
#...@...# . ..##
######### ..


You could see Sigmund.

Vanquished Creatures
  Jessica (D:3)
  3 adders
  A gnoll (D:1)
  A worm (D:2)
  4 orcs (D:3)
  3 bats
  5 endoplasms
  A giant cockroach (D:2)
  7 goblins
  6 hobgoblins
  7 jackals
  8 kobolds
  4 quokkas
  5 ball pythons
  3 frilled lizards
  A rat (D:1)
60 creatures vanquished.

Notes
Turn   | Place    | Note
-------+----------+-------------------------------------------
     0 | D:1      | issech the Troll Monk began the quest for the Orb.
     0 | D:1      | Reached XP level 1. HP: 22/22 MP: 0/0
   157 | D:1      | Reached XP level 2. HP: 29/29 MP: 1/1
   258 | D:1      | Reached skill level 3 in Maces & Flails
   367 | D:1      | Found Topy's Assorted Antiques.
   600 | D:1      | Found a faded altar of an unknown god.
   657 | D:1      | Reached XP level 3. HP: 18/36 MP: 2/2
  1376 | D:2      | Reached XP level 4. HP: 44/44 MP: 3/3
  1777 | D:3      | Noticed Jessica
  1786 | D:3      | Killed Jessica
  1891 | D:3      | Reached skill level 4 in Maces & Flails
  1962 | D:3      | Noticed Sigmund
  1985 | D:3      | Slain by Sigmund

Illustrated notes

Levels and vault maps discovered:
D:1:      lemuel_arrival_room, layout_loops_corners,
          chequers_ecumenical_altar_simple_redux, serial_shops,
          nicolae_shop_waterfront
D:2:      layout_basic
D:3:      layout_basic, st_stairs_3, minmay_misc_feat_rugged, uniq_natasha,
          uniq_jessica, uniq_terence, uniq_sigmund

Skill      XL: |  1  2  3  4 |
---------------+-------------+-----
Maces & Flails | 3 4 |  4.0
Fighting       | 3 |  3.0
Dodging        | 3 |  3.1
Stealth        | |  1.1
Shields        | |  0.7

Action                   |  1- 3 |  4- 6 || total
-------------------------+-------+-------++-------
Melee: Mace              |   134 |     8 ||   142
       Punch             |     1 |       ||     1
       Flail             |       |    48 ||    48
 Stab: Sleeping          |     2 |     1 ||     3
Armor: Robe              |    65 |    19 ||    84
Dodge: Dodged            |    90 |    19 ||   109
Block: Tower shield      |    34 |    36 ||    70
